 Dungeon Crawl Stone Soup version 0.28-a0-413-gde365fb1df (webtiles) character file.

Game seed: 13077827790583119624

723 willcat the Covert (level 7, -4/60 HPs)
             Began as a Deep Elf Delver on Sept 7, 2021.
             Slain by a killer bee (6 damage)
             ... on level 8 of the Dungeon.
             The game lasted 00:04:58 (3520 turns).

willcat the Covert (Deep Elf Delver)                Turns: 3520, Time: 00:04:58

Health: -4/60      AC:  3    Str:  9    XL:     7   Next: 43%
Magic:  18/18      EV: 14    Int: 17    God:
Gold:   140        SH:  0    Dex: 16    Spells: 6/6 levels left

rFire   . . .      SeeInvis .   j - +4 short sword (venom)
rCold   . . .      Faith    .   (no shield)
rNeg    . . .      Spirit   .   b - +0 leather armour
rPois   .          Reflect  .   (no helmet)
rElec   .          Harm     .   (no cloak)
rCorr   .          Rampage  .   (no gloves)
Will    .....                   (no boots)
Stlth   ..........              (no amulet)
HPRegen 0.20/turn               r - ring of magical power
MPRegen 0.16/turn               (no ring)

@: berserking, weak-willed, very quick
A: no striking features
a: no special abilities


You were on level 8 of the Dungeon.
You visited 1 branch of the dungeon, and saw 4 of its levels.

You collected 140 gold pieces.

Inventory:

Hand Weapons
 a - a +0 short sword
 j - a +4 short sword of venom (weapon)
Armour
 b - a +0 leather armour (worn)
 e - a +0 pair of gloves
Jewellery
 r - a ring of magical power (left hand)
Wands
 g - a wand of digging (6)
Scrolls
 c - 3 scrolls of fog
 d - a scroll of magic mapping
 l - a scroll of silence
Potions
 f - a potion of haste
 n - a potion of lignification {unknown}
 p - a potion of brilliance {unknown}


   Skills:
 - Level 2.4 Fighting
 + Level 5.0 Short Blades
 + Level 6.2 Dodging
 + Level 8.7 Stealth


You had 6 spell levels left.
You didn't know any spells.
Your spell library was empty.

Dungeon Overview and Level Annotations

Branches:
Dungeon (8/15)
 Temple: D:4-7         Lair: D:8-11

Altars:
Trog
Wu Jian

Annotations:
D:7 Maggie, Pikel


Message History

Press: ? - help, Shift-Dir - straight line A rock wall.
The rock shatters into small pieces.
The killer bee misses you.
The killer bee stings you but does no damage.
The orc hits you with a +0 flail!
* * * LOW HITPOINT WARNING * * *
The killer bee stings you.
* * * LOW HITPOINT WARNING * * *
The killer bee misses you.
The killer bee closely misses you. x2; The killer bee barely misses you.
Unknown command.
A gnoll shaman comes into view. It is wielding a +0 club.
The killer bee closely misses you.
A gnoll comes into view. It is wielding a +0 flail.
The gnoll shouts!
You feel a bit more experienced.
A gnoll comes into view. It is wielding a +0 whip.
The killer bee stings you but does no damage.
A gnoll comes into view. It is wielding a +0 club.
The gnoll shaman calls upon its god to speed up the gnoll.
The gnoll seems to speed up.
The killer bee stings you.
* * * LOW HITPOINT WARNING * * *
Okay, then.
Unknown command.
It was a potion of berserk rage.
A red film seems to cover your vision as you go berserk!
You feel yourself moving faster!
You feel mighty!
The gnoll shouts!
The killer bee stings you.
* * * LOW HITPOINT WARNING * * *
A gnoll comes into view.
It is wielding a +1 whip of electrocution.
The killer bee misses you.
You are too berserk!
Unknown command.
You barely miss the killer bee.
The gnoll shouts!
The killer bee barely misses you.
Unknown command.
You miss the killer bee. The killer bee stings you.
You die... ####.......... ..##.......... #.##.......... ###.##..)....... .## ..#.##....$..... .... #.#.##.......... .g.gg

#.#.o...........
.....g###O#.##..........
......g@yyK............[
####.####oy....†........
........#....#.##
#.#......#....#.#
...#......#....#<#
#.#........)....### ##
..............
...............
..[.......


You could see a two-headed ogre (weak-willed), a gnoll shaman, 3 killer bees, 4
gnolls, an orc (weak-willed) and a kobold (weak-willed).

Vanquished Creatures
  A water moccasin (D:6)
  A bullfrog (D:8)
  2 scorpions
  A jelly (D:6)
  2 orc priests (D:6)
  2 iguanas (D:6)
  5 orc wizards
  A gnoll (D:6)
  A howler monkey skeleton (D:6)
  An adder (D:6)
  7 orcs
24 creatures vanquished.

Vanquished Creatures (collateral kills)
  An ogre (D:5)
  An orc priest (D:7)
  A bullfrog skeleton (D:5)
  An orc (D:7)
4 creatures vanquished.

Vanquished Creatures (others)
  A bullfrog (D:7)
  15 plants (D:7)
16 creatures vanquished.

Grand Total: 44 creatures vanquished

Notes
Turn   | Place    | Note
-------+----------+-------------------------------------------
     0 | D:5      | willcat the Deep Elf Delver began the quest for the Orb.
     0 | D:5      | Reached XP level 1. HP: 13/13 MP: 3/3
    68 | D:5      | Found an ornate altar of the Wu Jian Council.
    68 | D:5      | Noticed a scorpion
    73 | D:5      | Killed a scorpion
    74 | D:5      | Reached XP level 2. HP: 18/18 MP: 4/4
    74 | D:5      | Reached XP level 3. HP: 22/22 MP: 5/5
   133 | D:5      | Noticed an ogre
   206 | D:5      | Noticed an ogre
   216 | D:5      | Reached XP level 4. HP: 4/27 MP: 6/6
   217 | D:5      | Killed an ogre
   218 | D:5      | Reached skill level 7 in Stealth
   218 | D:5      | Reached XP level 5. HP: 4/31 MP: 7/7
   606 | D:6      | Found a bloodstained altar of Trog.
   671 | D:6      | Noticed a phantom
   693 | D:7      | Noticed an orc warrior
   987 | D:6      | Reached XP level 6. HP: 11/36 MP: 8/8
   993 | D:6      | Reached skill level 5 in Dodging
  1052 | D:6      | Noticed a water moccasin
  1134 | D:6      | Killed a water moccasin
  1135 | D:6      | Reached skill level 8 in Stealth
  1614 | D:6      | Reached XP level 7. HP: 21/40 MP: 9/9
  2998 | D:7      | Noticed Maggie
  2998 | D:7      | Noticed Pikel
  3491 | D:8      | Noticed a two-headed ogre
  3502 | D:8      | Reached skill level 5 in Short Blades
  3517 | D:8      | HP: 2/40 [killer bee (3)]
  3520 | D:8      | Slain by a killer bee

Illustrated notes

Levels and vault maps discovered:
D:5:      minmay_angry_zag, layout_basic, mainiacjoe_overflow_tiny_flanked
D:6:      layout_basic, trog_three_pillars_becter
D:7:      layout_rooms, nicolae_hepliaklqana_hazy_memory, uniq_maggie,
          uniq_pikel
D:8:      layout_basic, serial_curves, eino_curves_03, eino_curves_04,
          enter_bailey_2

Skill      XL: |  1  2  3  4  5  6  7 |
---------------+----------------------+-----
Dodging        | 3 4 5 6 |  6.2
Short Blades   | 3 4 5 |  5.0
Stealth        | 7 8 |  8.7
Fighting       | |  2.4

Action                   |  1- 3 |  4- 6 |  7- 9 || total
-------------------------+-------+-------+-------++-------
Melee: Short sword       |     1 |    35 |    53 ||    89
Evoke: Wand              |     3 |     8 |     2 ||    13
  Use: Scroll            |       |     1 |     3 ||     4
       Potion            |       |     1 |     3 ||     4
 Stab: Sleeping          |     1 |       |       ||     1
Armor: Leather armour    |       |    10 |     5 ||    15
Dodge: Dodged            |       |    22 |    48 ||    70

Table legend: (Time is in decaauts)
 A = Elapsed time spent in this place.
 B = Non-inter-level travel time spent in this place.
 C = Inter-level travel time spent in this place.
 D = Time resting spent in this place.
 E = Time spent auto-exploring this place.
 F = Levels seen in this place.
 G = Mean time per level.
                   A        B        C        D        E       F      G
               +--------+--------+--------+--------+--------+-----+--------+
         Total |   3510 |   3465 |     45 |   1640 |   1186 |   4 |  877.5 |
       Dungeon |   3510 |   3465 |     45 |   1640 |   1186 |   4 |  877.5 |
               +--------+--------+--------+--------+--------+-----+--------+

Top non-repeatable levels by time:
     D:6: 2667 daAuts
     D:5: 468 daAuts
     D:7: 345 daAuts
     D:8: 29 daAuts
